 Dungeon Crawl Stone Soup version 0.31-a0-1626-g5cb510d322 (webtiles) character file.

Game seed: 1825992143344248601

353 graki42 the Conjurer (level 6, -1/40 (44) HPs)
             Began as a Gnoll Conjurer on Jan 12, 2024.
             Slain by Edmund
             ... wielding a +2 flail of draining
              (6 damage)
             ... on level 4 of the Dungeon.
             The game lasted 00:12:21 (4205 turns).

graki42 the Conjurer (Gnoll Conjurer)               Turns: 4205, Time: 00:12:22

HP:   -1/40 (44)    AC:  3    Str:  6    XL:     6   Next: 62%
MP:   2/14          EV: 13    Int: 19    God:
Gold: 120           SH:  0    Dex: 11    Spells: 4/15 levels left

rFire   + . .        d - staff of fire
rCold   . . .        (no shield)
rNeg    . . .        a - +0 robe
rPois   .            (no helmet)
rElec   .            (no cloak)
rCorr   .            (no gloves)
SInv    +            p - +0 pair of boots {Fly}
Will    .....        (no amulet)
Stlth   +++          o - ring of see invisible
HPRegen 0.26/turn    (no ring)
MPRegen 0.14/turn

%: no passive effects
@: flying, very slightly contaminated, drained
A: fangs 1, strong nose, distributed training
a: no special abilities


You were on level 4 of the Dungeon.
You visited 1 branch of the dungeon, and saw 4 of its levels.

You collected 159 gold pieces.
You spent 39 gold pieces at shops.

Inventory:

Armour
 a - a +0 robe (worn)
 p - a +0 pair of boots of flying (worn)
Magical Staves
 d - a staff of fire (weapon)
Jewellery
 o - a ring of see invisible (left hand)
Scrolls
 c - 4 scrolls of identify {unknown}
 f - a scroll of enchant weapon {unknown}
 g - a scroll of immolation {unknown}
 j - a scroll of poison {unknown}
 l - 2 scrolls of amnesia {unknown}
 m - a scroll of teleportation {unknown}
 n - a scroll of enchant armour {unknown}
 q - a scroll of fear {unknown}
Potions
 e - 2 potions of invisibility {unknown}
 h - a potion of curing
 i - 2 potions of cancellation {unknown}
 k - a potion of haste {unknown}
 r - a potion of lignification {unknown}


   Skills:
 + Level 2.1 Fighting
 + Level 2.1 Short Blades
 + Level 2.1 Long Blades
 + Level 2.1 Axes
 + Level 2.1 Maces & Flails
 + Level 2.1 Polearms
 + Level 2.1 Staves
 + Level 2.1 Ranged Weapons
 + Level 2.1 Throwing
 + Level 2.1 Armour
 + Level 5.0 Dodging
 + Level 4.7 Stealth
 + Level 2.1 Shields
 + Level 2.1 Unarmed Combat
 + Level 5.4 Spellcasting
 + Level 7.3 Conjurations
 + Level 1.7 Hexes
 + Level 1.7 Summonings
 + Level 1.7 Necromancy
 + Level 1.7 Translocations
 + Level 1.7 Fire Magic
 + Level 1.7 Ice Magic
 + Level 1.7 Air Magic
 + Level 1.7 Earth Magic
 + Level 1.7 Alchemy
 + Level 2.3 Invocations
 + Level 2.1 Evocations
 + Level 1.9 Shapeshifting


You had 4 spell levels left.
You knew the following spells:

 Your Spells              Type           Power      Damage    Failure   Level
a - Magic Dart            Conj           100%       1d8       1%          1
b - Searing Ray           Conj           66%        2d6       1%          2
c - Fulminant Prism       Conj/Alch      11%        3d9       19%         4
d - Iskenderun's Mystic   Conj/Tloc      22%        2d6       19%         4

Your spell library contained the following spells:

 Spells                   Type           Power      Damage    Failure   Level


Dungeon Overview and Level Annotations

Branches:
Dungeon (4/15)
 Temple: D:4-7

Altars:
Ashenzari
Dithmenos
Qazlal
Ru
Xom

Shops:
D:2 !   D:3 ***(:

Annotations:
D:4 Edmund


Innate Abilities, Weirdness & Mutations

You have very sharp teeth.
Your uncanny sense of smell can sniff out nearby items.
Your experience applies equally to all skills.


Message History

Edmund hits you with a +2 flail of draining!
You feel drained.
Unknown command.
Casting: Iskenderun's Mystic Blast (quite dangerous; 19% risk of failure)
Confirm with . or Enter, or press ? or * to list all spells.
You miscast Iskenderun's Mystic Blast.
Nothing appears to happen.
Edmund barely misses you.
Unknown command.
Casting: Iskenderun's Mystic Blast (quite dangerous; 19% risk of failure)
Confirm with . or Enter, or press ? or * to list all spells.
Aiming: Searing Ray (safe; 1% risk of failure)
Press: ? - help, Shift-Dir - straight line, f/p - Edmund
Aim: Edmund, wielding a +2 flail of draining and wearing a +0 chain mail (moderately wounded, 86% to hit)
The searing ray hits Edmund!
Edmund is heavily wounded. (Press . to maintain the ray.) Edmund hits you with a +2 flail of draining!
* * * LOW HITPOINT WARNING * * *
You feel drained.
* * * LOW HITPOINT WARNING * * *
The searing ray hits Edmund but does no damage.
Edmund is heavily wounded.
Edmund closely misses you.
The searing ray hits Edmund.
Edmund is severely wounded.
Edmund completely misses you.
The searing ray hits Edmund.
Edmund is severely wounded.
You finish channelling your searing ray.
Edmund misses you.
Casting: Searing Ray (safe; 1% risk of failure)
Confirm with . or Enter, or press ? or * to list all spells.
You don't have enough magic to cast this spell.
Unknown command.
Casting: Searing Ray (safe; 1% risk of failure)
Confirm with . or Enter, or press ? or * to list all spells.
You don't know that spell.
Edmund hits you with a +2 flail of draining.
You die...
Edmund whines, "They better pay attention to me now!"

...####...........#
^.................#
##.......##########
...#.##..############
....................#
...#.###..###########
......###.....###
...........##...###
...##.###....##.@.##
.).##.# ##.#....)@.#
...##.####.#...........#
...##....#.........###.#
...#####..###........
...# ##..........###
#### #####......#
#......# #......#


You could see Edmund.

Vanquished Creatures
  A phantom (D:4)
  A kobold brigand (D:4)
  A hound (D:4)
  An orc wizard (D:3)
  3 adders
  2 dart slugs
  A ribbon worm (D:4)
  18 orcs
  4 bats
  2 endoplasms
  2 giant cockroaches
  6 goblins
  11 hobgoblins
  10 jackals
  2 quokkas
  5 ball pythons
  5 frilled lizards
  13 kobolds
  10 rats
98 creatures vanquished.

Vanquished Creatures (others)
  A fulminant prism (D:4)
1 creature vanquished.

Grand Total: 99 creatures vanquished

Notes
Turn   | Place    | Note
-------+----------+-------------------------------------------
     0 | D:1      | graki42 the Gnoll Conjurer began the quest for the Orb.
     0 | D:1      | Reached XP level 1. HP: 13/13 MP: 6/6
   150 | D:1      | Reached XP level 2. HP: 19/19 MP: 5/7
   293 | D:1      | Learned a level 2 spell: Searing Ray
   533 | D:1      | Reached skill level 5 in Spellcasting
   533 | D:1      | Reached XP level 3. HP: 25/25 MP: 5/9
   813 | D:1      | Reached skill level 1 in Invocations
  1316 | D:2      | Reached skill level 1 in Fighting
  1316 | D:2      | Reached skill level 1 in Short Blades
  1316 | D:2      | Reached skill level 1 in Long Blades
  1316 | D:2      | Reached skill level 1 in Axes
  1316 | D:2      | Reached skill level 1 in Maces & Flails
  1316 | D:2      | Reached skill level 1 in Polearms
  1316 | D:2      | Reached skill level 1 in Staves
  1316 | D:2      | Reached skill level 1 in Ranged Weapons
  1316 | D:2      | Reached skill level 1 in Throwing
  1316 | D:2      | Reached skill level 1 in Armour
  1316 | D:2      | Reached skill level 1 in Shields
  1316 | D:2      | Reached skill level 1 in Unarmed Combat
  1316 | D:2      | Reached skill level 1 in Evocations
  1466 | D:2      | Reached skill level 1 in Shapeshifting
  1466 | D:2      | Reached XP level 4. HP: 32/32 MP: 3/11
  1555 | D:2      | Found Ecves's Distillery.
  1563 | D:2      | Bought a potion of curing for 39 gold pieces
  1739 | D:2      | Reached skill level 1 in Hexes
  1739 | D:2      | Reached skill level 1 in Summonings
  1739 | D:2      | Reached skill level 1 in Necromancy
  1739 | D:2      | Reached skill level 1 in Translocations
  1739 | D:2      | Reached skill level 1 in Fire Magic
  1739 | D:2      | Reached skill level 1 in Ice Magic
  1739 | D:2      | Reached skill level 1 in Air Magic
  1739 | D:2      | Reached skill level 1 in Earth Magic
  1739 | D:2      | Reached skill level 1 in Alchemy
  1754 | D:2      | Learned a level 4 spell: Fulminant Prism
  1759 | D:2      | Learned a level 4 spell: Iskenderun's Mystic Blast
  2020 | D:2      | Found a shimmering altar of Xom.
  2328 | D:3      | Found a sacrificial altar of Ru.
  2504 | D:3      | Reached XP level 5. HP: 37/37 MP: 3/12
  2625 | D:3      | Found Meshrepp's Assorted Antiques.
  2904 | D:3      | Found Zoritaig's Weapon Shoppe.
  3130 | D:3      | Found Yrycin's Book Emporium.
  3249 | D:3      | Found Qucviopn's Assorted Antiques.
  3335 | D:3      | Found Oprohoegg's General Store.
  3454 | D:4      | Found a shadowy altar of Dithmenos.
  3466 | D:4      | Noticed a phantom
  3730 | D:4      | Found a broken altar of Ashenzari.
  3730 | D:4      | Found a stormy altar of Qazlal.
  3825 | D:4      | Noticed a kobold brigand
  3838 | D:4      | Killed a kobold brigand
  3839 | D:4      | Reached skill level 5 in Dodging
  3839 | D:4      | Reached XP level 6. HP: 27/44 MP: 4/14
  4190 | D:4      | Noticed Edmund
  4205 | D:4      | Slain by Edmund

Illustrated notes

Levels and vault maps discovered:
D:1:      scummos_arrival_simple_crosswalls, layout_loops_ring,
          minmay_pentomino_v4
D:2:      layout_basic, serial_shops, shop, basic_altar
D:3:      layout_loops_cross, mainiacjoe_overflow_six_doors_small, serial_shops,
          nicolae_shop_behind_doors, nicolae_shop_tiny_waterfront,
          nicolae_shop_peninsula, shop, shop
D:4:      layout_rooms, grunt_dithmenos_smoke, gammafunk_temple_overflow_wave,
          uniq_edmund

Skill      XL: |  1  2  3  4  5 |
---------------+----------------+-----
Spellcasting   | 5 |  5.4
Invocations    | 1 2 |  2.3
Fighting       | 1 2 |  2.1
Short Blades   | 1 2 |  2.1
Long Blades    | 1 2 |  2.1
Axes           | 1 2 |  2.1
Maces & Flails | 1 2 |  2.1
Polearms       | 1 2 |  2.1
Staves         | 1 2 |  2.1
Ranged Weapons | 1 2 |  2.1
Throwing       | 1 2 |  2.1
Armour         | 1 2 |  2.1
Shields        | 1 2 |  2.1
Unarmed Combat | 1 2 |  2.1
Evocations     | 1 2 |  2.1
Shapeshifting  | 1 |  1.9
Hexes          | 1 |  1.7
Summonings     | 1 |  1.7
Necromancy     | 1 |  1.7
Translocations | 1 |  1.7
Fire Magic     | 1 |  1.7
Ice Magic      | 1 |  1.7
Air Magic      | 1 |  1.7
Earth Magic    | 1 |  1.7
Alchemy        | 1 |  1.7
Dodging        | 5 |  5.0
Stealth        | |  4.7
Conjurations   | |  7.3

Action                     |  1- 3 |  4- 6 || total
---------------------------+-------+-------++-------
  Melee: Staff             |     8 |    20 ||    28
         Bite              |     1 |     1 ||     2
   Cast: Magic Dart        |    66 |    45 ||   111
         Searing Ray       |     2 |    27 ||    29
         Iskenderun's Myst |       |     1 ||     1
         Fulminant Prism   |       |     1 ||     1
    Use: Potion            |       |     1 ||     1
   Stab: Sleeping          |       |     1 ||     1
 Armour: Robe              |    11 |    32 ||    43
  Dodge: Dodged            |    16 |    35 ||    51

Table legend: (Time is in decaauts)
 A = Elapsed time spent in this place.
 B = Non-inter-level travel time spent in this place.
 C = Inter-level travel time spent in this place.
 D = Time resting spent in this place.
 E = Time spent auto-exploring this place.
 F = Levels seen in this place.
 G = Mean time per level.
                   A        B        C        D        E       F      G
               +--------+--------+--------+--------+--------+-----+--------+
         Total |   4207 |   4157 |     50 |    194 |   3468 |   4 | 1051.8 |
       Dungeon |   4207 |   4157 |     50 |    194 |   3468 |   4 | 1051.8 |
               +--------+--------+--------+--------+--------+-----+--------+

Top non-repeatable levels by time:
     D:1: 1219 daAuts
     D:3: 1148 daAuts
     D:2: 1054 daAuts
     D:4: 784 daAuts
